cohdb
Replays
Latest Replays
All Replays
Popular Replays
Top Player Replays
Match Explorer
How It Works
Community
CoH3 Stats
Reddit
Sign in to upload your games and track your stats! →
Sign in with Steam
Match 43401011
Unlisted
Match 43401011
Overview
Messages
Build Orders
End
Panzerpioneer Squad
250 Light Carrier
250 Light Carrier
Construct Light Support Kompanie
Combat Half-tracks
MG34 Team
Panzerjäger Squad
Selects Panzerjäger Kommand Battlegroup
Selects GrB 39 Grenade Launcher Requisition
250 Light Carrier
Selects Mine Fields
Assault Mechanized Group
2.5-tonne Medical Truck
Construct Mechanized Kompanie
254 Reconnaissance Tractor
Vehicle Survival Package
Marder III Tank Destroyer
Marder III Tank Destroyer
Selects Crew Shock Tactics
Marder III Tank Destroyer
2.5-tonne Medical Truck
Crew Shock Tactics
Support Armor Elements
Selects Anti-tank Overwatch
18-tonne Recovery Half-track
Emergency Repair Kits
Marder III Tank Destroyer
Flakvierling Half-track
Marder III Tank Destroyer
Crew Shock Tactics
Rapid Advance
[HAN]Diederick Kastner
TwistedTootsy
Hummel
CrackSensation
波菜
I SikhWarrior I
Kitty
Zannen
0
0
Comments
sign in to comment!
No comments posted yet!